 Dungeon Crawl Stone Soup version 0.23.2-40-g277498a (webtiles) character file.

Game seed: 5533362546513978257

159290 billybob the Peltast (level 17, -13/111 HPs)
             Began as a Gargoyle Fighter on Aug 16, 2019.
             Was the Champion of Okawaru.
             Killed from afar by a thorn hunter (29 damage)
             ... with a volley of thorns
             ... on level 4 of the Swamp.
             The game lasted 04:17:28 (27617 turns).

billybob the Peltast (Gargoyle Fighter)            Turns: 27617, Time: 04:17:29

Health: -13/111    AC: 47    Str: 26    XL:     17   Next: 44%
Magic:  16/16      EV: 12    Int: 17    God:    Okawaru [******]
Gold:   1313       SH: 22    Dex: 12    Spells: 16/16 levels left

rFire    + . .     SeeInvis .   L - +7 demon whip (venom)
rCold    . . .     Gourm    +   n - +0 large shield
rNeg     + + +     Faith    .   B - +6 plate armour "Hocypuf" {*Contam rN+++ MR+ Regen+}
rPois    ∞         Spirit   .   I - +0 helmet
rElec    +         Reflect  .   d - +2 cloak {rPois}
rCorr    .         Harm     .   O - +3 pair of gloves of the Great Game {rF+ MR+ Regen+ Str+4}
MR       +++..                  G - +2 pair of boots {run}
Stlth    ..........             N - amulet of the gourmand
HPRegen  1.08/turn              M - +2 ring of evasion
MPRegen  0.15/turn              t - +6 ring of intelligence

@: flying, quick
A: big wings, talons 1, blurry vision 1, clumsy 1, low mp 1, negative energy
resistance 1, screaming 1, electricity resistance, strong 1, unbreathing,
petrification resistance, rot immunity, MP-powered wands, AC +12
}: 1/15 runes: serpentine
a: Stop Flying, Heroism, Finesse, Renounce Religion


You were on level 4 of the Swamp.
You worshipped Okawaru.
Okawaru was exalted by your worship.
You were not hungry.

You visited 5 branches of the dungeon, and saw 23 of its levels.
You also visited: Ossuary.

You collected 1313 gold pieces.

Inventory:

Hand Weapons
 m - the +3 morningstar of War {crush, rC++ Dex+4}
   (Okawaru gifted it to you on level 2 of the Snake Pit)

   It inflicts extra damage upon your enemies.
   It affects your dexterity (+4).
   It greatly protects you from cold.
 w - a +4 blowgun
 C - the +6 morningstar "Sobluin" {elec, MR+ Int+4}
   (Okawaru gifted it to you on level 4 of the Lair of Beasts)

   Occasionally, upon striking a foe, it will discharge some electrical energy
   and cause terrible harm.
   It affects your intelligence (+4).
   It affects your resistance to hostile enchantments.
 L - a +7 demon whip of venom (weapon)
Armour
 c - a +3 shield
 d - a +2 cloak of poison resistance (worn)
 n - a +0 large shield (worn)
 r - +0 swamp dragon scales
 B - the +6 plate armour "Hocypuf" (worn) {*Contam rN+++ MR+ Regen+}
   (You found it on level 6 of the Lair of Beasts)

   It renders you almost immune to negative energy.
   It affects your resistance to hostile enchantments.
   It causes magical contamination when unequipped.
   It increases your rate of regeneration.
 G - a +2 pair of boots of running (worn)
 I - a +0 helmet (worn)
 O - the +3 pair of gloves of the Great Game (worn) {rF+ MR+ Regen+ Str+4}
   (Okawaru gifted it to you on level 1 of the Swamp)

   It affects your strength (+4).
   It protects you from fire.
   It affects your resistance to hostile enchantments.
   It increases your rate of regeneration.
 Z - a +2 hat of intelligence
Magical Staves
 j - an uncursed staff of energy
Jewellery
 b - an uncursed amulet of rage
 t - a +6 ring of intelligence (right hand)
 H - a +5 ring of intelligence
 M - a +2 ring of evasion (left hand)
 N - an amulet of the gourmand (around neck)
 P - an uncursed ring of wizardry
Wands
 o - a wand of disintegration (17)
 s - a wand of digging (10)
 x - a wand of random effects (15)
 Q - a wand of clouds (2)
 R - a wand of iceblast (23)
 U - a wand of acid (20)
 W - a wand of flame (49)
 Y - a wand of enslavement (20)
Scrolls
 a - 5 scrolls of immolation
 g - 13 scrolls of remove curse
 l - 9 scrolls of teleportation
 p - 2 scrolls of fear
 y - 7 scrolls of fog
 A - 2 scrolls of blinking
 D - a scroll of magic mapping {unknown}
 E - 2 scrolls of silence
 J - a scroll of brand weapon {unknown}
 K - 2 scrolls of random uselessness {unknown}
 T - 3 scrolls of torment
 V - 2 scrolls of vulnerability {unknown}
Potions
 e - 2 potions of lignification
 h - 3 potions of magic {unknown}
 i - 3 potions of resistance
 k - 4 potions of cancellation
 q - a potion of curing
 u - 3 potions of ambrosia {unknown}
 v - 7 potions of brilliance
 z - a potion of agility {unknown}
 S - 2 potions of haste
Miscellaneous
 F - a lamp of fire
 X - a phantom mirror
Comestibles
 f - 34 rations


   Skills:
 + Level 14.2 Fighting
 + Level 16.0 Maces & Flails
 + Level 3.2 Throwing
 + Level 12.7 Armour
 + Level 7.7 Dodging
 + Level 4.5 Stealth
 + Level 17.8 Shields
 + Level 0.3 Invocations
 + Level 1.4 Evocations


You had 16 spell levels left.
You didn't know any spells.
Your spell library contained the following spells:

 Spells                   Type           Power        Failure   Level  Hunger
 Animate Skeleton         Necr           N/A          99%         1    ##.....
 Apportation              Tloc           #.....       99%         1    ##.....
 Beastly Appendage        Tmut           #.....       99%         1    ##.....
 Confusing Touch          Hex            #.....       99%         1    ##.....
 Magic Dart               Conj           #...         99%         1    ##.....
 Sting                    Conj/Pois      #...         99%         1    ##.....
 Summon Small Mammal      Summ           #...         99%         1    ##.....
 Sticks to Snakes         Tmut           #.......     100%        2    ###....
 Gell's Gravitas          Tloc           #.........   100%        3    ####...
 Ignite Poison            Fire/Tmut/Pois #.......     100%        3    ####...
 Portal Projectile        Hex/Tloc       #.....       100%        3    ####...
 Spider Form              Tmut/Pois      #.........   100%        3    ####...
 Force Lance              Conj/Tloc      #.......     100%        4    #####..
 Fulminant Prism          Conj/Hex       #.........   100%        4    #####..
 Ice Form                 Ice/Tmut       #.......     100%        4    #####..
 Blade Hands              Tmut           #.........   100%        5    ######.
 Fireball                 Conj/Fire      #.........   100%        5    ######.
 Silence                  Hex/Air        #.........   100%        5    ######.
 Bolt of Fire             Conj/Fire      #.........   100%        6    #######
 Dispersal                Tloc           #.........   100%        6    #######
 Ring of Flames           Chrm/Fire      #.........   100%        7    #######
 Controlled Blink         Tloc           N/A          100%        8    #######
 Disjunction              Tloc           #.........   100%        8    #######
 Ignition                 Fire           #.........   100%        8    #######
 Tornado                  Air            #.........   100%        9    #######


Dungeon Overview and Level Annotations

Branches:
Dungeon (8/15)             Temple (1/1) D:5            Lair (6/6) D:8
  Swamp (4/4) Lair:2        Snake (4/4) Lair:3        Slime (0/5) Lair:6

Altars:
Ashenzari
Cheibriados
Dithmenos
Elyvilon
Fedhas
Gozag
Kikubaaqudgha
Okawaru
Qazlal
Ru
Sif Muna
Trog
Vehumet
Wu Jian
Xom
Yredelemnul
Zin
The Shining One

Shops:
D:6 *   Snake:1 :%(   Snake:4 !(%


Innate Abilities, Weirdness & Mutations

You are resistant to torment.
Your stone body is resilient. (AC +12)
You are immune to poison.
Your large and strong wings let you fly indefinitely.
You resist negative energy. (rN+)
You are resistant to electric shocks. (rElec)
You can survive without breathing.
You are immune to petrification.
You are immune to rotting.
You have sharp toenails.
Scrolls take you a little longer to read.
You are clumsy. (Dex -2)
Your magical capacity is low. (-10% MP)
You occasionally shout uncontrollably at your foes.
Your muscles are strong. (Str +2)
You expend magic power (3 MP) to strengthen your wands.


Message History

A swamp worm comes into view.
The six-headed hydra misses you.
You block the six-headed hydra's attack.
The six-headed hydra bites you.
* * * LOW HITPOINT WARNING * * *
You block the six-headed hydra's attack.
The six-headed hydra bites you!!
* * * LOW HITPOINT WARNING * * *
The six-headed hydra misses you. The seven-headed hydra misses you.
You block the seven-headed hydra's attack.
The seven-headed hydra misses you.
You block the seven-headed hydra's attack.
The seven-headed hydra bites you but does no damage. x2
The seven-headed hydra barely misses you.
There is a stone staircase leading up here.
The briar patch crumbles away.
The thorn hunter fires a volley of thorns at you.
The volley of thorns hits you!!
You die...

≈§.§≈≈.≈≈≈.≈≈ ≈.
≈≈.P.P§PPP.. ...
...P≈≈PPPPP♣♣.≈♣
≈.≈≈≈≈≈§≈≈≈≈♣w≈#
♣≈≈PP≈≈≈.≈≈≈..♣
♣§.P≈≈≈..≈≈≈≈♣
♣.PP...kD..≈♣
♣kP...@fF§.♣
♣.≈P..≈D≈≈≈♣#
♣.≈≈..≈≈≈≈≈.♣
♣.≈≈≈..†!≈≈≈♣#
♣$.≈≈≈.....≈..♣#
♣≈≈≈≈≈.≈♣≈≈.≈≈§♣♣#
♣♣♣.≈≈...≈♣<††≈.≈♣♣#
♣♣...≈≈≈♣≈≈≈.≈≈.≈♣
♣♣♣≈.≈≈.♣♣≈...♣≈.


You could see a thorn hunter, a seven-headed hydra, a six-headed hydra, a spiny
frog, a swamp worm and 2 swamp drakes.

Vanquished Creatures
  The ghost of belikeron the Severer, an adept HOFi of Okawaru (Snake:1)
  Agnes (Snake:1)
  Gastronok (Lair:1)
  9 nagarajas
  The ghost of Huloteq the Black Belt, a journeyman MfTm of Hepliaklqana (Lair:4)
  4 entropy weavers (Lair:4)
  Josephine (Snake:1)
  6 hydras
  2 two-headed ogres (D:8)
  The ghost of Gadfly the Cleaver, a journeyman DsMo of Uskayaw (Lair:1)
  15 naga warriors
  3 catoblepae (Lair:6)
  10 anacondas
  2 ghost crabs (Lair:4)
  9 alligators
  8 death yaks
  Urug (Lair:4)
  8 naga sharpshooters
  7 shock serpents
  6 fire crabs (Lair:4)
  2 spriggan druids
  A salamander mystic (Snake:3)
  4 swamp dragons
  5 naga ritualists
  Pikel (D:5)
  An oklob plant (Lair:6)
  11 salamanders
  2 manticores (Lair:6)
  6 mana vipers
  4 elephants (Lair:5)
  22 naga magi
  An apocalypse crab (Lair:4)
  A guardian serpent (Snake:4)
  29 black mambas
  15 spiny frogs
  A torpor snail (Lair:5)
  A rime drake (Lair:5)
  3 komodo dragons
  5 polar bears
  8 slime creatures
  Grinder (D:3)
  12 dream sheep
  3 bog bodies
  7 blink frogs
  7 tyrant leeches
  6 hornets
  4 hippogriffs
  Sigmund (D:2)
  A shadow (Swamp:1)
  10 spriggans
  31 yaks
  4 wraiths (Snake:1)
  2 wyverns
  2 basilisks
  3 vampire mosquitoes (Swamp:4)
  Menkaure (D:5)
  3 hungry ghosts
  8 insubstantial wisps
  12 swamp worms
  55 nagas
  8 porcupines
  18 water moccasins
  2 orc warriors (D:8)
  5 sky beasts
  6 swamp drakes
  3 black bears
  2 ice beasts
  A slave (D:5)
  5 wolves (Lair:6)
  7 ogres
  6 phantoms
  A centaur (D:5)
  11 crocodiles
  2 big kobolds
  9 bullfrogs
  A gnoll sergeant (D:7)
  A wyvern zombie (D:8)
  A water moccasin zombie (D:7)
  5 scorpions
  4 killer bees (D:8)
  11 wights
  3 electric eels
  3 bullfrog zombies
  2 crimson imps
  A centaur zombie (Ossuary)
  5 jellies
  A centaur skeleton (D:3)
  A human zombie (Ossuary)
  2 orc priests (D:6)
  2 hounds
  7 orc wizards
  Jessica (D:2)
  Natasha (thrice) (D:2)
  6 hell rats (Lair:6)
  Terence (D:2)
  8 worker ants
  2 big kobold zombies (Ossuary)
  A hound zombie (D:8)
  2 mummies (Ossuary)
  A howler monkey skeleton (D:6)
  3 gnolls (D:7)
  16 adders
  A shadow imp (D:8)
  An ooze (D:2)
  4 adder zombies
  3 dart slugs
  6 leopard geckos
  30 orcs
  6 giant cockroaches
  3 hobgoblins
  12 jackals
  3 quokkas (D:8)
  3 ball pythons
  11 bats
  8 frilled lizards
  5 goblins
  A goblin zombie (Ossuary)
  11 hobgoblin zombies (Ossuary)
  3 jackal zombies (Ossuary)
  11 kobolds
  10 kobold zombies (Ossuary)
  2 leopard gecko skeletons
  5 orc zombies (Ossuary)
  A quokka skeleton (D:4)
  13 rats
  A spectral orc (D:4)
  2 fungi
  2 plants
730 creatures vanquished.

Vanquished Creatures (others)
  A ghost crab (Swamp:1)
  2 insubstantial wisps (Swamp:1)
  A swamp drake (Swamp:4)
  An adder (D:5)
  5 fungi
  2 plants (Lair:1)
12 creatures vanquished.

Grand Total: 742 creatures vanquished

Notes
Turn   | Place    | Note
-------+----------+-------------------------------------------
     0 | D:1      | billybob the Gargoyle Fighter began the quest for the Orb.
     0 | D:1      | Reached XP level 1. HP: 14/14 MP: 1/1
   250 | D:1      | Reached XP level 2. HP: 16/19 MP: 2/2
   975 | D:2      | Noticed Jessica
   977 | D:2      | Killed Jessica
   977 | D:2      | Reached XP level 3. HP: 24/24 MP: 3/3
  1040 | D:2      | Noticed Sigmund
  1065 | D:2      | Killed Sigmund
  1065 | D:2      | Reached skill level 4 in Shields
  1065 | D:2      | Reached XP level 4. HP: 18/29 MP: 4/4
  1065 | D:2      | Reached XP level 5. HP: 20/33 MP: 5/5
  1177 | D:2      | Found a bloodstained altar of Trog.
  1405 | D:2      | Reached XP level 6. HP: 38/38 MP: 6/6
  1458 | D:2      | Noticed Natasha
  1506 | D:2      | Killed Natasha
  1506 | D:2      | Reached skill level 1 in Dodging
  1512 | D:2      | Noticed Natasha
  1543 | D:2      | Killed Natasha
  1561 | D:2      | Noticed Natasha
  1823 | D:2      | Killed Natasha
  2060 | D:2      | Noticed Terence
  2072 | D:2      | Killed Terence
  2270 | D:3      | Noticed Grinder
  2271 | D:3      | Paralysed by Grinder for 6 turns
  2296 | D:3      | Paralysed by Grinder for 7 turns
  2306 | D:3      | Killed Grinder
  2306 | D:3      | Reached skill level 5 in Maces & Flails
  2306 | D:3      | Reached skill level 5 in Shields
  2306 | D:3      | Reached XP level 7. HP: 10/44 MP: 7/7
  3004 | D:4      | Found a bloodstained altar of Trog.
  3246 | D:4      | Reached skill level 5 in Armour
  3333 | D:4      | Found a basalt altar of Yredelemnul.
  3388 | D:4      | Found an ornate altar of the Wu Jian Council.
  3542 | D:4      | Reached XP level 8. HP: 48/48 MP: 8/8
  3904 | D:5      | Entered Level 5 of the Dungeon
  3968 | D:5      | Reached skill level 1 in Stealth
  4185 | D:5      | Reached skill level 6 in Shields
  4295 | D:5      | Found a staircase to the Ecumenical Temple.
  4358 | D:5      | Reached skill level 5 in Fighting
  4375 | Temple   | Entered the Ecumenical Temple
  4458 | Temple   | Became a worshipper of Warmaster Okawaru
  4504 | D:5      | Noticed Pikel
  4505 | D:5      | Noticed Menkaure
  4515 | D:5      | Killed Menkaure
  4531 | D:5      | Killed Pikel
  4531 | D:5      | Reached * piety under Okawaru
  4531 | D:5      | Reached XP level 9. HP: 50/54 MP: 9/9
  4703 | D:5      | Reached skill level 7 in Shields
  4745 | D:5      | Got a twisted robe
  4756 | D:5      | Identified the +2 robe "Xerer" {rElec} (You found it on
                  | level 5 of the Dungeon)
  4859 | D:5      | Found a shimmering altar of Xom.
  5438 | D:6      | Found a snail-covered altar of Cheibriados.
  5471 | D:6      | Found a white marble altar of Elyvilon.
  5560 | D:6      | Reached ** piety under Okawaru
  5748 | D:6      | Found a sand-covered staircase.
  5764 | Ossuary  | Entered an ossuary
  5826 | Ossuary  | Paralysed by fainting for 12 turns
  5869 | Ossuary  | Gained mutation: Armour fits poorly on your strangely
                  | shaped body. [potion of mutation]
  5869 | Ossuary  | Gained mutation: You have a pair of small horns on your
                  | head. [potion of mutation]
  6189 | D:6      | Found Cynk's Assorted Antiques.
  6198 | D:6      | Reached skill level 1 in Throwing
  6306 | D:6      | Reached skill level 8 in Shields
  6388 | D:6      | Lost mutation: You have a pair of small horns on your head.
                  | [potion of mutation]
  6388 | D:6      | Lost mutation: Armour fits poorly on your strangely shaped
                  | body. [potion of mutation]
  6388 | D:6      | Gained mutation: Potions are less effective at restoring
                  | your health. [potion of mutation]
  6388 | D:6      | Gained mutation: You have supernaturally acute eyesight.
                  | (SInv) [potion of mutation]
  6511 | D:6      | Lost mutation: Potions are less effective at restoring your
                  | health. [potion of mutation]
  6511 | D:6      | Lost mutation: You have supernaturally acute eyesight.
                  | (SInv) [potion of mutation]
  6511 | D:6      | Gained mutation: Your body sometimes deteriorates upon
                  | taking damage. [potion of mutation]
  6511 | D:6      | Gained mutation: You have a pair of small horns on your
                  | head. [potion of mutation]
  6512 | D:6      | Lost mutation: Your body sometimes deteriorates upon taking
                  | damage. [potion of mutation]
  6512 | D:6      | Lost mutation: You have a pair of small horns on your head.
                  | [potion of mutation]
  6512 | D:6      | Gained mutation: Your spells are a little harder to cast,
                  | but a little more powerful. [potion of mutation]
  6512 | D:6      | Lost mutation: Your spells are a little harder to cast, but
                  | a little more powerful. [potion of mutation]
  6512 | D:6      | Gained mutation: You are weak. (Str -2) [potion of
                  | mutation]
  6512 | D:6      | Gained mutation: Your spells are a little harder to cast,
                  | but a little more powerful. [potion of mutation]
  6622 | D:6      | Reached XP level 10. HP: 60/60 MP: 10/10
  7123 | D:7      | Reached *** piety under Okawaru
  7310 | D:7      | Reached skill level 9 in Shields
  8348 | D:6      | Received a gift from Okawaru
  8874 | D:8      | Noticed a two-headed ogre
  8896 | D:8      | Killed a two-headed ogre
  8896 | D:8      | Reached **** piety under Okawaru
  8897 | D:8      | Found a staircase to the Lair.
  9623 | D:8      | Reached ***** piety under Okawaru
  9821 | D:8      | Reached skill level 10 in Maces & Flails
  9842 | D:8      | Noticed a two-headed ogre
  9853 | D:8      | Reached XP level 11. HP: 51/67 MP: 11/11
  9855 | D:8      | Noticed an eight-headed hydra
  9871 | D:8      | Killed an eight-headed hydra
 10055 | D:8      | Killed a two-headed ogre
 10068 | D:8      | Reached skill level 5 in Dodging
 10068 | D:8      | Reached skill level 10 in Shields
 10689 | Lair:1   | Entered Level 1 of the Lair of Beasts
 11121 | Lair:1   | Noticed Gastronok
 11144 | Lair:1   | Killed Gastronok
 11144 | Lair:1   | Reached ****** piety under Okawaru
 11183 | Lair:1   | Found a runed translucent door.
 11193 | Lair:1   | Identified the +7 trident of the Well-Known Wars {vamp,
                  | Stlth+}
 11193 | Lair:1   | Noticed a spriggan rider
 11442 | Lair:1   | Noticed Gadfly's ghost (journeyman DsMo)
 11567 | Lair:1   | Received a gift from Okawaru
 11941 | Lair:1   | Killed Gadfly's ghost
 11941 | Lair:1   | Received a gift from Okawaru
 12333 | Lair:2   | Found a staircase to the Swamp.
 12639 | Lair:2   | Lost mutation: Your spells are a little harder to cast, but
                  | a little more powerful. [potion of mutation]
 12639 | Lair:2   | Lost mutation: You are weak. (Str -2) [potion of mutation]
 12639 | Lair:2   | Gained mutation: You have a pair of small horns on your
                  | head. [potion of mutation]
 12639 | Lair:2   | Gained mutation: Your muscles are strong. (Str +2) [potion
                  | of mutation]
 12990 | Lair:3   | Reached XP level 12. HP: 73/73 MP: 12/12
 13025 | Lair:3   | Reached skill level 11 in Shields
 13516 | Lair:3   | Found a staircase to the Snake Pit.
 14384 | Lair:4   | Noticed a four-headed hydra
 14389 | Lair:4   | Killed a four-headed hydra
 14389 | Lair:4   | Received a gift from Okawaru
 14582 | Lair:4   | Found a runed translucent door.
 14582 | Lair:4   | Noticed Huloteq's ghost (journeyman MfTm)
 14638 | Lair:4   | Killed Huloteq's ghost
 14659 | Lair:4   | Found a runed translucent door.
 14908 | Lair:4   | Noticed a four-headed hydra
 14919 | Lair:4   | Killed a four-headed hydra
 14919 | Lair:4   | Received a gift from Okawaru
 15313 | Lair:4   | Reached XP level 13. HP: 71/80 MP: 13/13
 15471 | Lair:4   | Reached skill level 1 in Evocations
 15479 | Lair:4   | Reached skill level 12 in Shields
 15827 | Lair:5   | Noticed Urug
 15874 | Lair:4   | Killed Urug
 16457 | Lair:5   | Received a gift from Okawaru
 17054 | Lair:6   | Entered Level 6 of the Lair of Beasts
 17092 | Lair:6   | Reached skill level 10 in Fighting
 17459 | Lair:6   | Received a gift from Okawaru
 17501 | Lair:6   | Reached skill level 13 in Shields
 17615 | Lair:6   | Found a staircase to the Slime Pits.
 18085 | Lair:6   | Gained mutation: Your large and strong wings let you fly
                  | indefinitely. [Gargoyle growth]
 18085 | Lair:6   | Reached XP level 14. HP: 63/88 MP: 14/14
 18547 | Lair:6   | Got a brightly glowing plate armour
 18558 | Lair:6   | Identified the +6 plate armour "Hocypuf" {*Contam rN+++ MR+
                  | Regen+} (You found it on level 6 of the Lair of Beasts)
 18882 | Lair:4   | Noticed an entropy weaver
 18893 | Lair:4   | Killed an entropy weaver
 18914 | Lair:4   | Noticed an entropy weaver
 18926 | Lair:4   | Killed an entropy weaver
 18926 | Lair:4   | Reached skill level 14 in Shields
 18933 | Lair:4   | Reached skill level 10 in Armour
 19053 | Lair:4   | Noticed an entropy weaver
 19070 | Lair:4   | Killed an entropy weaver
 19070 | Lair:4   | Received a gift from Okawaru
 19076 | Lair:4   | Got a crude morningstar {god gift}
 19078 | Lair:4   | Identified the +6 morningstar "Sobluin" {elec, MR+ Int+4}
                  | (Okawaru gifted it to you on level 4 of the Lair of Beasts)
 19109 | Lair:4   | Noticed an entropy weaver
 19122 | Lair:4   | Killed an entropy weaver
 19152 | Lair:4   | Identified Sif Muna's Tome of Lethal Flight
 19232 | Lair:4   | Gained mutation: Scrolls take you a little longer to read.
                  | [mutagenic glow]
 19374 | Snake:1  | Entered Level 1 of the Snake Pit
 19448 | Snake:1  | Noticed Josephine
 19464 | Snake:1  | Killed Josephine
 19488 | Snake:1  | Found Amoariemue's Weapon Shoppe.
 19634 | Snake:1  | Received a gift from Okawaru
 19726 | Snake:1  | Noticed Agnes
 19754 | Snake:1  | Killed Agnes
 19773 | Snake:1  | Found a runed translucent door.
 19934 | Snake:1  | Found Funya's Book Shoppe.
 19934 | Snake:1  | Found Pavovvij's Food Emporium.
 19938 | Snake:1  | Reached XP level 15. HP: 95/96 MP: 16/16
 20060 | Snake:1  | Noticed belikeron's ghost (adept HOFi)
 20093 | Snake:1  | Killed belikeron's ghost
 20163 | Snake:1  | Gained mutation: Your body sometimes deteriorates upon
                  | taking damage. [mutagenic glow]
 20362 | Swamp:1  | Entered Level 1 of the Swamp
 20383 | Swamp:1  | Received a gift from Okawaru
 20386 | Swamp:1  | Got a pair of polished gloves {god gift}
 20403 | Swamp:1  | Identified the +3 pair of gloves of the Great Game {rF+ MR+
                  | Regen+ Str+4} (Okawaru gifted it to you on level 1 of the
                  | Swamp)
 20636 | Swamp:1  | Reached skill level 15 in Shields
 22034 | Snake:2  | Gained mutation: Your magical capacity is low. (-10% MP)
                  | [mutagenic glow]
 22057 | Snake:2  | Lost mutation: Your body sometimes deteriorates upon taking
                  | damage. [potion of mutation]
 22057 | Snake:2  | Lost mutation: Your muscles are strong. (Str +2) [potion of
                  | mutation]
 22057 | Snake:2  | Lost mutation: You have a pair of small horns on your head.
                  | [potion of mutation]
 22057 | Snake:2  | Gained mutation: You expend magic power (3 MP) to
                  | strengthen your wands. [potion of mutation]
 22057 | Snake:2  | Gained mutation: You are clumsy. (Dex -2) [potion of
                  | mutation]
 22057 | Snake:2  | Gained mutation: You have sharp toenails. [potion of
                  | mutation]
 22057 | Snake:2  | Gained mutation: Your muscles are strong. (Str +2) [potion
                  | of mutation]
 22543 | Snake:2  | Noticed a nagaraja
 22566 | Snake:2  | Killed a nagaraja
 22566 | Snake:2  | Received a gift from Okawaru
 22619 | Snake:2  | Got a faintly glowing morningstar {god gift}
 22799 | Snake:2  | Identified the +3 morningstar of War {crush, rC++ Dex+4}
                  | (Okawaru gifted it to you on level 2 of the Snake Pit)
 23050 | Snake:3  | Reached skill level 15 in Maces & Flails
 23391 | Snake:3  | Reached XP level 16. HP: 102/103 MP: 15/15
 23545 | Snake:3  | Received a gift from Okawaru
 23755 | Snake:3  | Reached skill level 16 in Shields
 23803 | Snake:4  | Entered Level 4 of the Snake Pit
 23816 | Snake:4  | Noticed a nagaraja
 23847 | Snake:4  | Killed a nagaraja
 23847 | Snake:4  | Received a gift from Okawaru
 23953 | Snake:4  | Found a runed translucent door.
 24064 | Snake:4  | Found Ysiclimn's Antique Weapon Shoppe.
 24082 | Snake:4  | Found Wigedut's Food Boutique.
 24543 | Snake:4  | Noticed a nagaraja
 24565 | Snake:4  | Received a gift from Okawaru
 24578 | Snake:4  | Killed a nagaraja
 24645 | Snake:4  | Noticed a nagaraja
 24665 | Snake:4  | Gained mutation: You occasionally shout uncontrollably at
                  | your foes. [mutagenic glow]
 24684 | Snake:4  | Killed a nagaraja
 24749 | Snake:4  | Noticed a nagaraja
 24763 | Snake:4  | Noticed a nagaraja
 24773 | Snake:4  | Killed a nagaraja
 24843 | Snake:4  | Killed a nagaraja
 24903 | Snake:4  | Noticed a nagaraja
 24919 | Snake:4  | Noticed a nagaraja
 24935 | Snake:4  | Killed a nagaraja
 24944 | Snake:4  | Killed a nagaraja
 24944 | Snake:4  | Reached skill level 17 in Shields
 24991 | Snake:4  | Noticed a nagaraja
 25009 | Snake:4  | Killed a nagaraja
 25021 | Snake:4  | Got a serpentine rune of Zot
 25117 | Snake:4  | Found Uvvogh's Distillery.
 25373 | Snake:4  | Received a gift from Okawaru
 25376 | Snake:4  | Reached XP level 17. HP: 100/110 MP: 16/16
 25513 | Snake:4  | Identified a +2 pair of boots of running (You found it on
                  | level 4 of the Snake Pit)
 27521 | Swamp:4  | Entered Level 4 of the Swamp
 27617 | Swamp:4  | Killed from afar by a thorn hunter

Skill      XL: |  1  2  3  4  5  6  7  8  9 10 11 12 13 14 15 16 17 |
---------------+----------------------------------------------------+-----
Fighting       | 4 5 7 8 9 10 12 13 14 | 14.2
Maces & Flails | 3 5 7 8 10 11 12 13 15 16 | 16.0
Armour         | 4 5 6 7 8 9 10 11 12 | 12.7
Shields        | 4 5 6 8 9 10 11 13 14 15 17 | 17.8
Dodging        | 1 2 3 4 5 6 7 |  7.7
Stealth        | 1 2 3 4 |  4.5
Throwing       | 1 2 3 |  3.2
Evocations     | 1 |  1.4
Invocations    | |  0.3

Action                   |  1- 3 |  4- 6 |  7- 9 | 10-12 | 13-15 | 16-18 || total
-------------------------+-------+-------+-------+-------+-------+-------++-------
Melee: Flail             |   120 |   148 |   713 |  1056 |   150 |       ||  2187
       Headbutt          |       |       |    24 |    78 |   269 |       ||   371
       Demon whip        |       |       |       |       |   732 |  1050 ||  1782
       Morningstar       |       |       |       |       |   384 |       ||   384
Throw: Throwing net      |       |       |     4 |       |       |       ||     4
       Tomahawk          |       |       |       |    23 |       |       ||    23
       Javelin           |       |       |       |    20 |    14 |     8 ||    42
Invok: Heroism           |       |       |       |     1 |     3 |       ||     4
       Finesse           |       |       |       |       |     1 |       ||     1
 Abil: Fly               |       |       |       |       |     1 |       ||     1
Evoke: Wand              |       |       |       |     3 |       |       ||     3
       Lamp of fire      |       |       |       |       |     1 |       ||     1
  Use: Potion            |       |       |     8 |    20 |     6 |     2 ||    36
       Scroll            |       |       |     6 |     7 |    11 |     5 ||    29
 Stab: Held in net/web   |       |       |     2 |       |       |       ||     2
       Sleeping          |       |       |     3 |     1 |       |       ||     4
       Distracted        |       |       |       |     2 |       |       ||     2
       Petrified         |       |       |       |       |     3 |       ||     3
       Invisible         |       |       |       |       |       |     4 ||     4
  Eat: Chunk             |       |     5 |    12 |    47 |    20 |    13 ||    97
       Ration            |       |       |     1 |     4 |       |     1 ||     6
Armor: Scale mail        |    80 |    81 |   188 |       |       |       ||   349
       Robe              |       |       |   229 |       |       |       ||   229
       Ring mail         |       |       |     1 |   466 |    23 |       ||   490
       Skin              |       |       |       |    27 |    10 |       ||    37
       Chain mail        |       |       |       |       |   177 |       ||   177
       Plate armour      |       |       |       |       |   425 |   467 ||   892
Dodge: Dodged            |    43 |    47 |   365 |   463 |   366 |   242 ||  1526
Block: Shield            |    64 |    95 |   477 |   639 |   783 |   590 ||  2648
       Large shield      |       |       |       |       |       |   318 ||   318
